 Dungeon Crawl Stone Soup version 0.29-a0-541-gaf1fc19f1b (webtiles) character file.

Game seed: 15495191776783161683

22 grumblor the Skirmisher (level 2, 0/24 HPs)
             Began as a Mummy Fighter on June 3, 2022.
             Slain by Terence
             ... wielding a +3 morningstar of protection
              (10 damage)
             ... on level 2 of the Dungeon.
             The game lasted 00:01:06 (1351 turns).

grumblor the Skirmisher (Mummy Fighter)             Turns: 1351, Time: 00:01:07

Health: 0/24       AC:  6    Str: 19    XL:     2   Next: 68%
Magic:  2/2        EV:  9    Int:  7    God:
Gold:   82         SH:  4    Dex: 11    Spells: 1/1 levels left

rFire   x . .      SeeInvis .   a - +0 war axe
rCold   + . .      Faith    .   c - +0 buckler
rNeg    + + +      Spirit   .   b - +0 scale mail
rPois   ∞          Reflect  .   (no helmet)
rElec   .          Harm     .   i - scarf {repulsion}
rCorr   .          Rampage  .   (no gloves)
Will    .....                   (no boots)
Stlth   ..........              (no amulet)
HPRegen 0.08/turn               (no ring)
MPRegen 0.08/turn               (no ring)

@: repel missiles
A: cold resistance 1, negative energy resistance 3, torment resistance 2, heat
vulnerability 1, no potions
a: no special abilities


You were on level 2 of the Dungeon.
You visited 1 branch of the dungeon, and saw 2 of its levels.

You collected 82 gold pieces.

Inventory:

Hand Weapons
 a - a +0 war axe (weapon)
Armour
 b - a +0 scale mail (worn)
 c - a +0 buckler (worn)
 i - a scarf of repulsion (worn)
Jewellery
 d - a +4 ring of protection
 f - an amulet of regeneration
 h - an amulet of faith
Scrolls
 e - a scroll of teleportation {unknown}


   Skills:
 * Level 3.4 Fighting
 + Level 1.6 Axes
 * Level 0.3 Throwing
 + Level 2.5 Armour
 * Level 0.4 Dodging
 + Level 2.5 Shields


You had one spell level left.
You didn't know any spells.
Your spell library was empty.

Dungeon Overview and Level Annotations

Branches:
Dungeon (2/15)

Altars:
Hepliaklqana

Annotations:
D:2 Terence


Innate Abilities, Weirdness & Mutations

You are immune to poison.
Your flesh is cold resistant. (rC+)
You are immune to negative energy. (rN+++)
You are immune to unholy pain and torment.
You are vulnerable to heat. (rF-)
You do not drink.


Message History

j - a scroll labelled KUOGAE LUUVVA Blink to where?
Press: ? - help, Dir - move target
As you read the scroll labelled KUOGAE LUUVVA, it crumbles to dust.
It was a scroll of blinking.
Terence the Incautious comes into view.
He is wielding a +3 morningstar of protection and carrying a wand of polymorph (13).
Found a scimitar and a hunting sling.
Found a hazy altar of Hepliaklqana.
Terence zaps a wand. 2 goblins come into view.
The goblin shouts! x2
There are monsters nearby!
You completely miss Terence. Terence closely misses you.
Throw: 2 javelins
Press: ? - help, Q - select action Shift-Dir - straight line, f - Terence
Aim: Terence, wielding a +3 morningstar of protection, wearing a +0 scale mail and carrying a wand of polymorph (12) (60% to hit)
You throw a javelin. The javelin pierces through Terence!
Terence is severely wounded.
The javelin pierces through the goblin.
You kill the goblin!
The javelin completely misses the goblin.
Terence hits you with a +3 morningstar of protection.
Terence completely misses you.
Throw: javelin
Press: ? - help, Q - select action Shift-Dir - straight line, f/p - Terence
Aim: Terence, wielding a +3 morningstar of protection, wearing a +0 scale mail and carrying a wand of polymorph (12) (severely wounded, 60% to hit)
You throw a javelin. The javelin barely misses Terence.
The javelin pierces through the goblin!
You kill the goblin!
Terence zaps a wand. x2; You resist with some effort.
You closely miss Terence.
Terence is severely wounded.
Terence hits you with a +3 morningstar of protection!
You hit Terence but do no damage.
Terence is severely wounded.
Terence barely misses you.
Unknown command.
You hit Terence.
Terence is almost dead.
Terence hits you with a +3 morningstar of protection!
You die...

#### ....##
......#
#...)..
.)._...###
#(..).@@.##.#
#.....##.##.#
#...# #.##.#
#.. #.##.# #
#.##.# #.##.#
#.##.##
##.#...#
#...<#.#


You could see Terence.

Vanquished Creatures
  2 bats
  3 endoplasms (D:1)
  2 hobgoblins (D:1)
  3 jackals (D:1)
  A quokka (D:1)
  5 goblins
  2 rats (D:1)
18 creatures vanquished.

Vanquished Creatures (others)
  2 plants (D:1)
2 creatures vanquished.

Grand Total: 20 creatures vanquished

Notes
Turn   | Place    | Note
-------+----------+-------------------------------------------
     0 | D:1      | grumblor the Mummy Fighter began the quest for the Orb.
     0 | D:1      | Reached XP level 1. HP: 18/18 MP: 1/1
   808 | D:1      | Reached XP level 2. HP: 24/24 MP: 2/2
  1344 | D:2      | Found a hazy altar of Hepliaklqana.
  1344 | D:2      | Noticed Terence
  1351 | D:2      | Slain by Terence

Illustrated notes

Levels and vault maps discovered:
D:1:      lightli_arrival_boilingwater, layout_loops_corners, serial_bayou,
          serial_bayou_shore_a, serial_bayou_lake_a, serial_bayou_pond_d,
          serial_bayou_pond_e, palyth_stone_intersect, skrybe_limestone_x
D:2:      cheibrodos_greedy_goblins, layout_loops_ring, basic_altar,
          serial_shops, shop, shop, shop, uniq_terence

Action                   || total
-------------------------++-------
Melee: War axe           ||    73
Throw: Javelin           ||     2
  Use: Scroll            ||     1
Armor: Scale mail        ||    43
Dodge: Dodged            ||    58
Block: Buckler           ||    18

Table legend: (Time is in decaauts)
 A = Elapsed time spent in this place.
 B = Non-inter-level travel time spent in this place.
 C = Inter-level travel time spent in this place.
 D = Time resting spent in this place.
 E = Time spent auto-exploring this place.
 F = Levels seen in this place.
 G = Mean time per level.
                   A        B        C        D        E       F      G
               +--------+--------+--------+--------+--------+-----+--------+
         Total |   1455 |   1339 |    116 |      0 |   1148 |   2 |  727.5 |
       Dungeon |   1455 |   1339 |    116 |      0 |   1148 |   2 |  727.5 |
               +--------+--------+--------+--------+--------+-----+--------+

Top non-repeatable levels by time:
     D:1: 1432 daAuts
     D:2: 22 daAuts
